 Dungeon Crawl Stone Soup version 0.30-a0-1157-g2cc9ac7196 (webtiles) character file.

Game seed: 9707911824384127644

266695 iamoutofideas the Axe Maniac (level 20, -6/223 HPs)
             Began as a Hill Orc Monk on Apr 24, 2023.
             Was the Champion of Makhleb.
             Killed by divine providence
             ... invoked by a white draconian stormcaller
              (15 damage)
             ... on level 3 of the Abyss.
             The game lasted 01:20:40 (31755 turns).

iamoutofideas the Axe Maniac (Hill Orc Monk)       Turns: 31755, Time: 01:20:45

Health: -6/223     AC: 31    Str: 24    XL:     20   Next: 10%
Magic:  30/30      EV: 13    Int: 17    God:    Makhleb [******]
Gold:   803        SH:  0    Dex: 12    Spells: 28/33 levels left

rFire   + + .        B - +4 executioner's axe (vamp)
rCold   + . .        (shield currently unavailable)
rNeg    + + .        P - +2 plate armour {Will+}
rPois   .            v - +2 helmet
rElec   .            E - scarf {repulsion}
rCorr   .            k - +0 pair of gloves of Beyond {Rampage rN+ Slay+3}
SInv    .            J - +2 pair of boots {rampage}
Will    ++...        q - amulet of Nefemell {rN+ Regen+ Str+3 Int+3 Stlth-} Stlth
                     z - ring "Jarupled" {Fly rF++ EV+5 Dex-3 Stlth+}
HPRegen 1.37/turn    L - ring "Boic Guhyqept" {rC+ AC+4 Int+4}
MPRegen 0.22/turn

%: repel missiles, rampage
@: lethally poisoned (-6 -> -23), flying, slowed, constricted, very slow
A: sense surroundings 1, robust 1
}: 2/15 runes: decaying, serpentine
a: Renounce Religion, Minor Destruction, Lesser Servant of Makhleb, Major
Destruction, Greater Servant of Makhleb


You were on level 3 of the Abyss.
You worshipped Makhleb.
Makhleb was exalted by your worship.
You visited 7 branches of the dungeon, and saw 32 of its levels.
You visited the Abyss 1 time.
You also visited: Gauntlet and Ice Cave.

You collected 3689 gold pieces.
You spent 2886 gold pieces at shops.

Inventory:

Hand Weapons
 g - a +4 broad axe
 l - a +0 battleaxe of flaming
 B - a +4 vampiric executioner's axe (weapon)
Missiles
 i - a throwing net
 r - 4 atropa-tipped darts (quivered)
Armour
 k - the +0 pair of gloves of Beyond (worn) {Rampage rN+ Slay+3}
   (You bought it in a shop on level 2 of the Orcish Mines)

   Slay:      It affects your accuracy & damage with ranged weapons and melee
   (+3).
   rN:        It protects you from negative energy.
   Rampage:   It bestows one free step when moving towards enemies.
 v - a +2 helmet (worn)
 E - a scarf of repulsion (worn)
 I - a +5 plate armour of cold resistance
 J - a +2 pair of boots of rampaging (worn)
 P - a +2 plate armour of willpower (worn)
Jewellery
 b - a ring of resist corrosion
 j - a ring of protection from fire
 o - a ring of willpower
 q - the amulet of Nefemell (around neck) {rN+ Regen+ Str+3 Int+3 Stlth-}
   (You found it in a Gauntlet)

   [amulet of regeneration]

   Str:       It affects your strength (+3).
   Int:       It affects your intelligence (+3).
   rN:        It protects you from negative energy.
   Regen:     It increases your rate of health regeneration.
   Stlth:     It makes you less stealthy.
 w - a ring of protection from cold
 y - a ring of poison resistance
 z - the ring "Jarupled" (left hand) {Fly rF++ EV+5 Dex-3 Stlth+}
   (You bought it in a shop on level 2 of the Orcish Mines)

   [ring of evasion]

   EV:        It affects your evasion (+5).
   Dex:       It affects your dexterity (-3).
   rF:        It greatly protects you from fire.
   Fly:       It grants you flight.
   Stlth:     It makes you more stealthy.
 G - a ring of positive energy
 L - the ring "Boic Guhyqept" (right hand) {rC+ AC+4 Int+4}
   (You found it in an ice cave)

   [ring of protection]

   AC:        It affects your AC (+4).
   Int:       It affects your intelligence (+4).
   rC:        It protects you from cold.
 W - the macabre finger necklace {Finger+ rN+}
   (You found it on level 1 of the Elven Halls)

   [amulet of nothing]

   Finger+:   It enables you to equip an extra ring.
   rN:        It protects you from negative energy.
Wands
 d - a wand of acid (32)
 m - a wand of polymorph (9)
 H - a wand of roots (30)
 N - a wand of digging (26)
 Q - a wand of charming (24)
Scrolls
 a - 16 scrolls of poison
 e - 7 scrolls of teleportation
 f - a scroll of silence
 p - 6 scrolls of summoning
 s - 3 scrolls of fear
 F - 8 scrolls of fog
 K - 3 scrolls of immolation
 S - a scroll of amnesia
 U - 4 scrolls of magic mapping
 Z - a scroll of blinking
Potions
 c - 2 potions of ambrosia
 h - 5 potions of resistance
 n - 9 potions of flight
 t - 8 potions of haste
 u - 6 potions of invisibility
 x - 3 potions of lignification
 C - 6 potions of mutation
 D - a potion of heal wounds
 M - 6 potions of magic
 O - 3 potions of brilliance
 R - 5 potions of attraction
 T - 8 potions of might
 V - 11 potions of curing
Miscellaneous
 A - a condenser vane


   Skills:
 + Level 23.0 Fighting
 O Level 27 Axes
 + Level 14.9 Armour
 + Level 10.6 Dodging
 - Level 7.0 Spellcasting
 * Level 6.4 Translocations


You had 28 spell levels left.
You knew the following spells:

 Your Spells              Type           Power      Damage    Failure   Level
a - Blink                 Tloc           54%        N/A       10%         2
b - Swiftness             Air            5%         N/A       95%         3

Your spell library contained the following spells:

 Spells                   Type           Power      Damage    Failure   Level
 Lesser Beckoning         Tloc           54%        N/A       10%         2
 Gell's Gravitas          Tloc           27%        N/A       19%         3
 Teleport Other           Tloc           27%        N/A       19%         3
 Momentum Strike          Conj/Tloc      32%        3d8       36%         2
 Manifold Assault         Tloc           27%        N/A       54%         4
 Portal Projectile        Hex/Tloc       32%        N/A       58%         3
 Foxfire                  Conj/Fire      20%        2x1d5     65%         1
 Kiss of Death            Conj/Necr      20%        2d7       65%         1
 Slow                     Hex            20%        N/A       65%         1
 Sting                    Tmut/Pois      20%        1d4       65%         1
 Cigotuvi's Dreadful Rot  Necr/Pois/Air  10%        N/A       80%         2
 Ensorcelled Hibernation  Hex/Ice        10%        N/A       80%         2
 Passwall                 Tmut/Erth      4%         N/A       80%         2
 Poisonous Vapours        Pois/Air       10%        N/A       80%         2
 Call Canine Familiar     Summ           5%         N/A       95%         3
 Confusing Touch          Hex            5%         N/A       95%         3
 Ignite Poison            Fire/Tmut/Pois 5%         N/A       95%         3
 Airstrike                Air            2%         2d(1-17)  100%        4
 Anguish                  Hex/Necr       2%         N/A       100%        4
 Dispel Undead            Necr           5%         3d7       100%        4
 Leda's Liquefaction      Hex/Erth       2%         N/A       100%        4
 Olgreb's Toxic Radiance  Pois           5%         N/A       100%        4
 Petrify                  Tmut/Erth      5%         N/A       100%        4
 Summon Lightning Spire   Summ/Air       5%         N/A       100%        4
 Blade Hands              Tmut           2%         N/A       100%        5
 Fireball                 Conj/Fire      2%         3d4       100%        5
 Irradiate                Conj/Tmut      2%         3d12      100%        5
 Metabolic Englaciation   Hex/Ice        2%         N/A       100%        5
 Silence                  Hex/Air        2%         N/A       100%        5
 Summon Forest            Summ/Tloc      8%         N/A       100%        5
 Conjure Ball Lightning   Conj/Air       2%         3x3d6     100%        6
 Death Channel            Necr           2%         N/A       100%        6
 Dispersal                Tloc           13%        N/A       100%        6
 Eringya's Noxious Bog    Tmut/Pois      2%         N/A       100%        6
 Plasma Beam              Fire/Air       2%         2x1d14    100%        6
 Simulacrum               Ice/Necr       2%         N/A       100%        6
 Starburst                Conj/Fire      2%         6d3       100%        6
 Statue Form              Tmut/Erth      3%         N/A       100%        6
 Dragon Form              Tmut           2%         N/A       100%        7
 Enfeeble                 Hex            2%         N/A       100%        7
 Ozocubu's Refrigeration  Ice            2%         4d8       100%        7
 Storm Form               Tmut/Air       2%         N/A       100%        7
 Summon Hydra             Summ           2%         N/A       100%        7
 Disjunction              Tloc           13%        N/A       100%        8
 Maxwell's Capacitive Co  Air            2%         ∞         100%        8
 Polar Vortex             Ice            2%         N/A       100%        9


Dungeon Overview and Level Annotations

Branches:
Dungeon (15/15)            Temple (1/1) D:4            Lair (5/5) D:11
  Swamp (4/4) Lair:2        Snake (4/4) Lair:3        Slime (0/5) Lair:5
    Orc (2/2) D:9             Elf (1/3) Orc:2        Vaults (0/5) D:13
 Depths (0/4) D:15          IceCv (visited)         Gauntlet (visited)

Altars:
Ashenzari
Cheibriados
Dithmenos
Elyvilon
Fedhas
Gozag
Hepliaklqana
Kikubaaqudgha
Makhleb
Nemelex Xobeh
Okawaru
Qazlal
Ru
Sif Muna
Trog
Uskayaw
Vehumet
Wu Jian
Xom
Yredelemnul
Zin
The Shining One
Beogh
Jiyva
Lugonu

Shops:
D:4 [   D:7 [   D:9 *   Orc:2 :([*=   Snake:1 !   Snake:2 (

Annotations:
D:14 3 runed translucent doors, Zigaill's ghost, adept OgFE
Lair:4 HYDRA here


Innate Abilities, Weirdness & Mutations

You passively map a small area around you.
You are robust. (+10% HP)


Message History

The will-o-the-wisp conjures some foxfire!
The starspawn tentacle completely misses you.
The starspawn tentacle grabs you.
You stop ascending the stairs.
The starspawn tentacle constricts you.
* * * LOW HITPOINT WARNING * * *
2 foxfires come into view.
Unknown command.
Okay, then.
You escape the starspawn tentacle's grasp.
You are engulfed in dark miasma.
You are more poisoned.
You feel as though you will be slow longer.
* * * LOW HITPOINT WARNING * * *
You feel extremely sick. The foxfire hits you. You resist.
* * * LOW HITPOINT WARNING * * *
The foxfire hits you. You resist.
* * * LOW HITPOINT WARNING * * *
The starspawn tentacle grabs you.
You stop ascending the stairs.
The starspawn tentacle constricts you.
* * * LOW HITPOINT WARNING * * *
The rime drake breathes ice at you.
The icy flash freeze is repelled.
The white draconian stormcaller calls down the wrath of Qazlal upon you.
Qazlal smites you!
* * * LOW HITPOINT WARNING * * *
The will-o-the-wisp blinks!
Okay, then.
You feel much better.
You are engulfed in dark miasma.
You are more poisoned.
* * * LOW HITPOINT WARNING * * *
x2 You feel extremely sick.
The wind drake flaps its wings at you. The air twists around and strikes you.
* * * LOW HITPOINT WARNING * * *
The starspawn tentacle constricts you.
* * * LOW HITPOINT WARNING * * *
The white draconian stormcaller mumbles some strange prayers to Qazlal against you.
Qazlal smites you!
You die...

##...# #.#.##.. ...#
.##.........##......#...
.............#....†..# .
....v......q..k...#....
#.....#.k..#§#.### ##.
##....8....##kk# .#
#...8.§k8..####q# #
#.#...§....#.# .#
#8..@lk8..# k#
#...wX...##.# #.
#..8...8...## #
#....8...###
#..###...#.# ..#.
##.#.## ..# ###. ..


You could see a white draconian stormcaller, a tentacled starspawn, a death
drake (summoned), a wind drake (summoned, repels missiles), a komodo dragon
(summoned), a will-o-the-wisp, a rime drake (summoned) and a starspawn tentacle.

Vanquished Creatures
  Vashnia (Snake:4)
  Jorgrun (Snake:1)
  A tentacled monstrosity (Swamp:4)
  Mlioglotl (Swamp:4)
  A thorn hunter (Swamp:4)
  12 nagarajas (Snake:4)
  The ghost of Goud the Frost Mage, an adept BaIE of Cheibriados (Swamp:3)
  The ghost of Iryalus the Phalangite, an adept MfBe of Trog (Swamp:3)
  7 fenstrider witches
  Louise (Snake:1)
  Aizul (Snake:1)
  A reaper (Swamp:4)
  The ghost of Vechaif the Eclecticist, a journeyman DEFE of Vehumet (Swamp:3)
  An orc warlord (Orc:2)
  A ghoul (Swamp:4)
  6 eleionomae
  Azrael (D:14)
  4 bunyips
  A deep elf annihilator (Elf:1)
  A minotaur (Gauntlet)
  The ghost of BillyBaka the Cleaver, a journeyman MiFi of the Shining One (Lair:2)
  An ettin (D:15)
  A blizzard demon (Swamp:4)
  2 shambling mangroves (Swamp:4)
  Josephine (Orc:1)
  5 salamander tyrants
  6 hydras
  A caustic shrike simulacrum (IceCv)
  2 catoblepae
  5 boulder beetles
  Erica (Orc:1)
  4 ghost crabs
  A spriggan air mage (Swamp:4)
  15 anacondas
  A death knight (D:13)
  3 ogre magi (Swamp:4)
  5 two-headed ogres
  4 dancing weapons (Elf:1)
  5 centaur warriors
  12 alligators
  30 death yaks
  Urug (Orc:1)
  16 naga warriors
  19 naga sharpshooters
  A hell knight (D:15)
  3 orc high priests (Orc:2)
  3 shock serpents
  3 soul eaters (Swamp:4)
  Amaemon (Lair:1)
  A sixfirhy (Swamp:4)
  4 salamander mystics
  Nergalle (Orc:1)
  8 skeletal warriors
  A skyshark (Lair:2)
  3 swamp dragons
  A spriggan druid (Swamp:2)
  9 goliath frogs
  2 orange crystal statues
  2 deep trolls (D:15)
  6 naga ritualists
  5 bog bodies
  2 deep elf archers (Elf:1)
  An obsidian statue (IceCv)
  4 wizards
  3 necromancers
  3 orc knights (Orc:2)
  13 spriggan simulacra (IceCv)
  A harpy (shapeshifter) (D:13)
  10 deep elf zephyrmancers
  8 mana vipers
  9 deep elf pyromancers
  A wolf spider (D:15)
  4 manticores
  4 oklob plants (Lair:5)
  12 salamanders
  4 cyclopes
  An ugly thing (D:12)
  An elephant (Lair:2)
  5 orc sorcerers
  4 will-o-the-wisps
  A manticore (shapeshifter) (D:14)
  20 naga magi
  Maurice (D:8)
  43 black mambas
  8 guardian serpents
  A torpor snail (Lair:4)
  15 cane toads
  2 ice statues (D:14)
  Maggie (D:8)
  2 gargoyles
  2 orange demons
  6 rime drakes
  A freezing wraith (IceCv)
  15 komodo dragons
  An efreet (D:15)
  2 anaconda simulacra (IceCv)
  8 ice devils (IceCv)
  3 golden dragon simulacra (IceCv)
  A merfolk (D:12)
  A hellwing (Swamp:4)
  5 polar bears
  A troll (shapeshifter) (D:15)
  7 trolls
  2 tyrant leeches
  22 hornets
  A raiju (Abyss:3)
  6 blink frogs
  19 dream sheep
  Sigmund (D:5)
  A centaur simulacrum (D:15)
  A culicivora (shapeshifter) (D:14)
  A vampire (D:13)
  30 spriggans
  3 shadows
  5 wyverns
  6 fire elementals (D:14)
  2 dire elephant simulacra (IceCv)
  4 basilisks
  62 yaks
  3 water elementals (Elf:1)
  2 chaos spawn (Swamp:4)
  4 wraiths (Orc:1)
  18 vampire mosquitoes
  A steam dragon (D:7)
  A harpy simulacrum (IceCv)
  8 minotaur simulacra (IceCv)
  30 nagas
  A large abomination (Abyss:3)
  19 water moccasins
  A warg (Orc:2)
  Edmund (D:4)
  2 acid dragons (D:11)
  17 swamp worms
  5 swamp drakes (Swamp:3)
  2 hell hounds (D:14)
  38 orc warriors
  7 black bears
  An ettin simulacrum (IceCv)
  2 ice beasts
  An alligator simulacrum (IceCv)
  6 ogres
  9 centaurs
  4 boggarts (Lair:5)
  46 wolves
  10 bullfrogs
  3 kobold brigands
  2 earth elementals (Elf:1)
  4 scorpions
  4 deep troll simulacra (IceCv)
  A necrophage (D:12)
  12 wights
  3 lindwurm simulacra (IceCv)
  11 howler monkeys
  An electric eel (Lair:2)
  2 lava snakes (D:12)
  3 hounds
  A gnoll bouda (D:8)
  20 orc priests
  A jelly (D:8)
  Jessica (D:3)
  9 iguanas
  25 orc wizards
  9 adders
  15 gnolls
  A shadow imp (D:7)
  A white imp (D:6)
  An ufetubus (D:6)
  2 adder zombies (D:2)
  An adder skeleton (D:2)
  A worm (D:3)
  4 dart slugs
  89 orcs
  A bat zombie (D:2)
  8 endoplasms
  A giant cockroach (D:1)
  15 goblins
  9 hobgoblins
  7 jackals
  5 quokkas
  3 ball pythons
  11 bats
  3 frilled lizards
  21 kobolds
  A quokka zombie (D:2)
  11 rats
  7 briar patches (Swamp:4)
1213 creatures vanquished.

Vanquished Creatures (others)
  A naga sharpshooter (Snake:4)
  A salamander (Snake:4)
  A vampire mosquito (D:14)
  A naga (Snake:4)
  An orc wizard (Orc:2)
  An orc (Orc:2)
  A bush (D:8)
  32 foxfires
  24 fungi
  29 plants
  A starspawn tentacle (Abyss:3)
93 creatures vanquished.

Grand Total: 1306 creatures vanquished

Notes
Turn   | Place    | Note
-------+----------+-------------------------------------------
     0 | D:1      | iamoutofideas the Hill Orc Monk began the quest for the
                  | Orb.
     0 | D:1      | Reached XP level 1. HP: 19/19 MP: 1/1
   101 | D:1      | Reached XP level 2. HP: 25/27 MP: 2/2
   229 | D:1      | Reached skill level 5 in Axes
   409 | D:1      | Reached XP level 3. HP: 33/33 MP: 3/3
   916 | D:2      | Reached skill level 6 in Axes
  1142 | D:2      | Reached XP level 4. HP: 40/40 MP: 4/4
  1458 | D:3      | Reached skill level 1 in Armour
  1577 | D:3      | Found a blossoming altar of Fedhas.
  1743 | D:3      | Reached XP level 5. HP: 46/46 MP: 5/5
  1809 | D:3      | Reached skill level 7 in Axes
  1982 | D:3      | Found a basalt altar of Yredelemnul.
  1997 | D:3      | Noticed Jessica
  2006 | D:3      | Killed Jessica
  2012 | D:3      | Learned a level 2 spell: Blink
  2030 | D:3      | Found a radiant altar of Vehumet.
  2084 | D:3      | Reached XP level 6. HP: 23/52 MP: 6/6
  2325 | D:4      | Noticed Edmund
  2358 | D:4      | Killed Edmund
  2359 | D:4      | Reached skill level 8 in Axes
  2374 | D:4      | Found Yczawyqo's Antique Armour Boutique.
  2467 | D:4      | Reached XP level 7. HP: 59/59 MP: 7/7
  2477 | D:4      | Bought a pair of embroidered boots for 187 gold pieces
  2539 | D:4      | Reached skill level 9 in Axes
  2656 | D:4      | You fall into a shaft and drop 1 floor!
  2656 | D:5      | Entered Level 5 of the Dungeon
  2677 | D:5      | Reached skill level 5 in Fighting
  2681 | D:5      | Noticed a yak
  2682 | D:5      | Found a broken altar of Ashenzari.
  2686 | D:5      | Found a transporter.
  2786 | D:5      | Reached XP level 8. HP: 67/70 MP: 8/8
  2916 | D:5      | Noticed Sigmund
  2928 | D:5      | Killed Sigmund
  3080 | D:5      | Found an iron altar of Okawaru.
  3130 | D:5      | Found a transporter.
  3618 | D:6      | Reached skill level 5 in Dodging
  3770 | D:6      | Reached XP level 9. HP: 67/82 MP: 9/9
  4214 | D:4      | Found a radiant altar of Vehumet.
  4394 | D:4      | Found a staircase to the Ecumenical Temple.
  4429 | D:4      | Found a snail-covered altar of Cheibriados.
  4429 | D:4      | Found a shimmering altar of Xom.
  4431 | D:4      | Found a radiant altar of Vehumet.
  4431 | D:4      | Found a shimmering altar of Xom.
  4431 | D:4      | Found an ancient bone altar of Kikubaaqudgha.
  4503 | Temple   | Entered the Ecumenical Temple
  4547 | Temple   | Became a worshipper of Makhleb the Destroyer
  4547 | Temple   | Reached * piety under Makhleb
  4547 | Temple   | Reached ** piety under Makhleb
  4629 | D:7      | Found Golilem's Antique Armour Emporium.
  4679 | D:7      | Reached skill level 10 in Axes
  4788 | D:7      | Identified the -1 helmet of Devotion {Slay+3}
  4794 | D:7      | Found a sparkling altar of Nemelex Xobeh.
  4953 | D:7      | Found a bloodstained altar of Trog.
  5113 | D:8      | Noticed Maggie
  5140 | D:8      | Killed Maggie
  5141 | D:8      | Reached skill level 11 in Axes
  5141 | D:8      | Reached skill level 5 in Armour
  5192 | D:8      | Reached XP level 10. HP: 91/91 MP: 10/10
  5266 | D:8      | Reached skill level 12 in Axes
  5335 | D:8      | Found a white marble altar of Elyvilon.
  5372 | D:8      | Found an ancient bone altar of Kikubaaqudgha.
  5388 | D:8      | Noticed Maurice
  5407 | D:8      | Killed Maurice
  5408 | D:8      | Reached skill level 10 in Fighting
  5610 | D:8      | Found an opulent altar of Gozag.
  5621 | D:8      | Noticed a two-headed ogre
  5655 | D:7      | HP: 4/90 [wight/+5 battleaxe of freezing (5)]
  5840 | D:6      | Gained mutation: You are partially covered in iridescent
                  | scales. (AC +2) [potion of mutation]
  5840 | D:6      | Gained mutation: You have large cloven feet. [potion of
                  | mutation]
  5884 | D:7      | Reached skill level 13 in Axes
  5921 | D:7      | Killed a two-headed ogre
  6473 | D:9      | Found a staircase to the Orcish Mines.
  6533 | D:9      | Reached *** piety under Makhleb
  6594 | D:9      | Reached XP level 11. HP: 79/99 MP: 11/11
  6663 | D:9      | Reached skill level 14 in Axes
  6694 | D:9      | Found a roughly hewn altar of Beogh.
  6826 | D:9      | Found Lelles's Assorted Antiques.
  6835 | D:9      | Bought a runed hand axe for 162 gold pieces
  6835 | D:9      | Bought a scroll of identify for 54 gold pieces
  6886 | D:9      | Found a snail-covered altar of Cheibriados.
  7048 | D:10     | Entered Level 10 of the Dungeon
  7333 | D:10     | Learned a level 3 spell: Swiftness
  7362 | D:10     | Found Zin's Purification Station.
  7366 | D:10     | Found a glowing silver altar of Zin.
  7369 | D:10     | Bought a potion of curing for 90 gold pieces
  7374 | D:10     | Identified the +3 ring mail of Unambiguity {Int+4 Slay+3}
  7384 | D:10     | Got the Tome of Glamour
  7570 | D:10     | Found an ornate altar of the Wu Jian Council.
  7570 | D:10     | Found a stormy altar of Qazlal.
  7767 | D:11     | Noticed a boulder beetle
  7776 | D:11     | Noticed a two-headed ogre
  7786 | D:11     | Killed a boulder beetle
  7845 | D:10     | Killed a two-headed ogre
  7887 | D:11     | Found a staircase to the Lair.
  7887 | D:11     | Noticed a cyclops
  7900 | D:11     | Killed a cyclops
  8015 | Lair:1   | Entered Level 1 of the Lair of Beasts
  8051 | D:11     | Reached **** piety under Makhleb
  8746 | D:12     | Noticed a centaur warrior
  8757 | D:12     | Killed a centaur warrior
  8758 | D:12     | Reached skill level 15 in Axes
  8838 | D:12     | Noticed a purple ugly thing
  8857 | D:12     | Killed a purple ugly thing
  8858 | D:12     | Reached XP level 12. HP: 105/113 MP: 12/12
  9013 | D:12     | Noticed a two-headed ogre
  9030 | D:12     | Killed a two-headed ogre
  9479 | D:12     | Noticed a centaur warrior
  9486 | D:12     | Noticed a boulder beetle
  9486 | D:12     | Noticed a four-headed hydra
  9980 | Lair:1   | Noticed a death yak
  9989 | Lair:1   | Noticed a death yak
  9997 | Lair:1   | Noticed a death yak
  9999 | Lair:1   | Noticed a death yak
 10000 | Lair:1   | Killed a death yak
 10001 | Lair:1   | Noticed a death yak
 10002 | Lair:1   | Noticed a death yak
 10002 | Lair:1   | Noticed a death yak
 10006 | Lair:1   | Noticed a death yak
 10006 | Lair:1   | Noticed a death yak
 10007 | Lair:1   | Noticed a death yak
 10009 | Lair:1   | Noticed a death yak
 10014 | Lair:1   | Killed a death yak
 10045 | D:11     | Killed a death yak
 10105 | D:11     | Killed a death yak
 10115 | D:11     | Killed a death yak
 10137 | D:11     | Killed a death yak
 10143 | D:11     | Killed a death yak
 10146 | D:11     | Killed a death yak
 10147 | D:11     | Reached skill level 16 in Axes
 10195 | D:11     | Killed a death yak
 10198 | D:11     | Killed a death yak
 10199 | D:11     | Reached XP level 13. HP: 82/125 MP: 13/13
 10360 | Lair:1   | Noticed Amaemon
 10382 | Lair:1   | Killed Amaemon
 10902 | Lair:2   | Reached skill level 15 in Fighting
 10985 | Lair:2   | Reached skill level 17 in Axes
 10994 | Lair:2   | Reached ***** piety under Makhleb
 11015 | Lair:2   | Found a staircase to the Swamp.
 11289 | Lair:2   | Found a runed translucent door.
 11289 | Lair:2   | Noticed BillyBaka's ghost (journeyman MiFi)
 11373 | Lair:2   | Reached skill level 10 in Armour
 11727 | Lair:2   | Reached skill level 18 in Axes
 11917 | Lair:2   | Reached XP level 14. HP: 76/137 MP: 14/14
 12798 | Lair:3   | Identified a scroll of acquirement
 12799 | Lair:3   | Acquired a +0 vampiric executioner's axe
 13222 | Lair:3   | Found a staircase to the Snake Pit.
 13768 | Lair:4   | Reached skill level 19 in Axes
 13982 | Lair:4   | Reached skill level 20 in Axes
 14217 | Lair:4   | Reached skill level 10 in Dodging
 14384 | Lair:5   | Entered Level 5 of the Lair of Beasts
 14560 | Lair:5   | Reached ****** piety under Makhleb
 14654 | Lair:5   | Reached XP level 15. HP: 132/147 MP: 15/15
 14845 | Lair:5   | Found a viscous altar of Jiyva.
 14845 | Lair:5   | Found a staircase to the Slime Pits.
 15286 | Lair:5   | Reached skill level 21 in Axes
 15528 | Orc:1    | Entered Level 1 of the Orcish Mines
 15528 | Orc:1    | Noticed Nergalle
 15540 | Orc:1    | Noticed Erica
 15543 | Orc:1    | Killed Nergalle
 15559 | Orc:1    | Killed Erica
 15783 | Orc:2    | Entered Level 2 of the Orcish Mines
 15783 | Orc:2    | Found Ximuaqox's Book Boutique.
 15831 | Orc:2    | Found a gate leading to a gauntlet.
 15874 | Gauntlet | Entered a Gauntlet
 15874 | Gauntlet | Found a large runed translucent door.
 15874 | Gauntlet | Found a large runed translucent door.
 15874 | Gauntlet | Found a large runed translucent door.
 15874 | Gauntlet | Found a large runed translucent door.
 15874 | Gauntlet | Found a large runed translucent door.
 15874 | Gauntlet | Found a large runed translucent door.
 15874 | Gauntlet | Found a large runed translucent door.
 15874 | Gauntlet | Found a large runed translucent door.
 15874 | Gauntlet | Found a runed translucent door.
 15874 | Gauntlet | Found a runed translucent gate.
 15874 | Gauntlet | Found a transporter.
 15874 | Gauntlet | Found a transporter.
 15874 | Gauntlet | Found a runed translucent gate.
 15874 | Gauntlet | Found a transporter.
 15878 | Gauntlet | Found a transporter.
 15880 | Gauntlet | Found a transporter.
 15888 | Gauntlet | Found a transporter.
 15893 | Gauntlet | Found a transporter.
 15901 | Gauntlet | Found a transporter.
 15909 | Gauntlet | Found a transporter.
 15928 | Gauntlet | Found a transporter.
 15934 | Gauntlet | Found a transporter.
 15952 | Gauntlet | Found a transporter.
 15956 | Gauntlet | Found a large runed translucent door.
 15956 | Gauntlet | Found a large runed translucent door.
 15957 | Gauntlet | Found a large runed translucent door.
 15957 | Gauntlet | Found a large runed translucent door.
 15958 | Gauntlet | Found a large runed translucent door.
 15958 | Gauntlet | Found a large runed translucent door.
 15958 | Gauntlet | Found a large runed translucent door.
 15958 | Gauntlet | Found a large runed translucent door.
 15959 | Gauntlet | Found a runed translucent door.
 16034 | Gauntlet | Found a runed translucent gate.
 16180 | Gauntlet | Identified the amulet of Nefemell {rN+ Regen+ Str+3 Int+3
                  | Stlth-}
 16453 | Orc:2    | Found a roughly hewn altar of Beogh.
 16521 | Orc:2    | Noticed an orc warlord
 16530 | Orc:2    | Found a staircase to the Elven Halls.
 16530 | Orc:2    | Noticed Urug
 16838 | Orc:1    | Killed Urug
 16839 | Orc:1    | Reached skill level 22 in Axes
 17010 | Orc:2    | Killed an orc warlord
 17343 | Orc:2    | Found a shimmering blue altar of Sif Muna.
 17442 | Orc:2    | Found Zujeddoss's General Store.
 17443 | Orc:2    | Found Nuet Own's Jewellery Boutique.
 17444 | Orc:2    | Found Tyerpham's Antique Armour Boutique.
 17444 | Orc:2    | Found Luasio's Antique Weapon Shop.
 17458 | Orc:2    | Bought a scroll of teleportation for 30 gold pieces
 17598 | Orc:2    | Bought a pair of ichor-stained gloves for 332 gold pieces
 17598 | Orc:2    | Identified the +0 pair of gloves of Beyond {Rampage rN+
                  | Slay+3} (You bought it in a shop on level 2 of the Orcish
                  | Mines)
 17631 | Orc:2    | Bought the ring "Jarupled" {Fly rF++ EV+5 Dex-3 Stlth+} for
                  | 827 gold pieces
 18713 | Lair:2   | Killed BillyBaka's ghost
 18922 | D:5      | Reached skill level 23 in Axes
 19201 | Lair:4   | Reached XP level 16. HP: 99/157 MP: 16/16
 20190 | D:7      | Bought a bloodstained plate armour for 700 gold pieces
 20190 | D:7      | Identified the +3 plate armour of the Arcane {Int+5} (You
                  | bought it in a shop on level 7 of the Dungeon)
 20605 | D:13     | Found a gate to the Vaults.
 20861 | D:14     | Found a frozen archway.
 20896 | IceCv    | Entered an ice cave
 21059 | IceCv    | Reached skill level 24 in Axes
 21146 | IceCv    | Identified the +11 mace "Ratziudukh" {flame, Int+5}
 21238 | IceCv    | Noticed an Ice Fiend
 21966 | IceCv    | Identified the ring "Boic Guhyqept" {rC+ AC+4 Int+4}
 22232 | D:14     | Noticed Azrael
 22249 | D:14     | Killed Azrael
 22267 | D:14     | Found a runed translucent gate.
 22267 | D:14     | Found a runed translucent gate.
 22267 | D:14     | Found a runed translucent gate.
 22269 | D:14     | Noticed Zigaill's ghost (adept OgFE)
 22667 | D:15     | Entered Level 15 of the Dungeon
 22820 | D:15     | Reached skill level 1 in Spellcasting
 23164 | D:15     | Found a staircase to the Depths.
 23470 | Swamp:1  | Entered Level 1 of the Swamp
 23545 | Swamp:1  | Reached XP level 17. HP: 143/167 MP: 19/19
 23880 | Swamp:1  | Lost mutation: You have large cloven feet. [potion of
                  | mutation]
 23880 | Swamp:1  | Lost mutation: You are partially covered in iridescent
                  | scales. (AC +2) [potion of mutation]
 23880 | Swamp:1  | Gained mutation: You are dopey. (Int -2) [potion of
                  | mutation]
 23880 | Swamp:1  | Gained mutation: Your body sometimes deteriorates upon
                  | taking damage. [potion of mutation]
 23880 | Swamp:1  | Gained mutation: You have a somewhat thin skeletal
                  | structure. (Dex +2, Stealth+) [potion of mutation]
 23881 | Swamp:1  | Lost mutation: You are dopey. (Int -2) [potion of mutation]
 23881 | Swamp:1  | Lost mutation: You have a somewhat thin skeletal structure.
                  | (Dex +2, Stealth+) [potion of mutation]
 23881 | Swamp:1  | Lost mutation: Your body sometimes deteriorates upon taking
                  | damage. [potion of mutation]
 23881 | Swamp:1  | Gained mutation: You are robust. (+10% HP) [potion of
                  | mutation]
 23881 | Swamp:1  | Gained mutation: You passively map a small area around you.
                  | [potion of mutation]
 24069 | Swamp:2  | Got Nen Vessa's Codex of Voltage
 24122 | Snake:1  | Entered Level 1 of the Snake Pit
 24352 | Snake:1  | Noticed Aizul
 24364 | Snake:1  | Noticed Jorgrun
 24380 | Snake:1  | Killed Aizul
 24389 | Snake:1  | Reached skill level 25 in Axes
 24391 | Snake:1  | Killed Jorgrun
 24404 | Snake:1  | Noticed Louise
 24412 | Snake:1  | Killed Louise
 24552 | Snake:1  | Identified the +10 short sword "Xoos" {heavy, *Rage rPois
                  | rN+}
 24556 | Snake:1  | Found Ulacras's Distillery.
 24602 | Snake:1  | Bought a potion of curing for 42 gold pieces
 24602 | Snake:1  | Bought a potion of haste for 140 gold pieces
 24602 | Snake:1  | Bought a potion of heal wounds for 70 gold pieces
 24602 | Snake:1  | Bought a potion of resistance for 140 gold pieces
 24602 | Snake:1  | Bought a potion of brilliance for 56 gold pieces
 24602 | Snake:1  | Bought a potion of might for 56 gold pieces
 24797 | Snake:2  | Got the Precepts of the Viperous Sky
 25475 | Snake:2  | Found Naudobot's Weapon Shop.
 25880 | Snake:3  | Reached XP level 18. HP: 174/198 MP: 24/24
 26293 | Snake:3  | Found an ancient bone altar of Kikubaaqudgha.
 26784 | Snake:4  | Entered Level 4 of the Snake Pit
 26906 | Snake:4  | Noticed Vashnia
 26938 | Snake:4  | Reached skill level 26 in Axes
 26957 | Snake:4  | Killed Vashnia
 26958 | Snake:4  | Reached skill level 5 in Spellcasting
 27896 | Snake:4  | Got a serpentine rune of Zot
 28258 | Swamp:2  | Reached XP level 19. HP: 187/210 MP: 26/28
 28276 | Swamp:2  | Reached skill level 1 in Translocations
 28707 | Swamp:3  | Found a runed translucent gate.
 28707 | Swamp:3  | Found a runed translucent gate.
 28708 | Swamp:3  | Found a runed translucent gate.
 28709 | Swamp:3  | Noticed Iryalus's ghost (adept MfBe)
 28709 | Swamp:3  | Noticed Vechaif's ghost (journeyman DEFE)
 28709 | Swamp:3  | Noticed Goud's ghost (adept BaIE)
 28886 | Swamp:3  | Paralysed by a fenstrider witch for 3 turns
 29706 | Swamp:3  | Killed Vechaif's ghost
 29720 | Swamp:3  | Killed Goud's ghost
 29722 | Swamp:3  | Killed Iryalus's ghost
 29859 | Swamp:4  | Entered Level 4 of the Swamp
 29974 | Swamp:4  | Noticed Mlioglotl
 30183 | Swamp:4  | Reached skill level 5 in Translocations
 30315 | Swamp:4  | Killed Mlioglotl
 30555 | Swamp:4  | Noticed a tentacled monstrosity
 30560 | Swamp:4  | Killed a tentacled monstrosity
 30612 | Swamp:4  | Paralysed by something for 4 turns
 30633 | Swamp:4  | Got a decaying rune of Zot
 30860 | Swamp:4  | Reached skill level 27 in Axes
 31184 | Elf:1    | Entered Level 1 of the Elven Halls
 31195 | Orc:1    | Noticed Josephine
 31208 | Orc:1    | Killed Josephine
 31364 | Elf:1    | Found the macabre finger necklace {Finger+ rN+}
 31461 | Elf:1    | Reached XP level 20. HP: 222/222 MP: 30/30
 31652 | Elf:1    | Identified the ring of the Leaf {Int+6 Dex+5}
 31677 | Abyss:3  | Cast into level 3 of the Abyss (a deep elf sorcerer)
 31755 | Abyss:3  | HP: 11/223 [wind drake/the air[a white draconian
                  | stormcaller] (1)]
 31755 | Abyss:3  | Killed from afar by a white draconian stormcaller

Illustrated notes

Levels and vault maps discovered:
D:1:      dpeg_arrival_rooms_a, layout_rooms
D:2:      layout_basic, serial_undead, serial_undead_c, serial_undead_b,
          serial_undead_c, serial_undead_c, serial_undead_b, serial_undead_a
D:3:      layout_basic, overflow_temple_1_default, lemuel_doored_altar,
          mainiacjoe_overflow_boulevard, hex_tiny,
          minmay_fractal_squares_diagonal_5, uniq_jessica
D:4:      layout_cave_pools, doesnt_xom_only_xom, temple_statues,
          kennysheep_windowed_goal, uniq_edmund
D:5:      corexii_shack_village, layout_loops_ring,
          gammafunk_temple_overflow_arena, nicolae_overflow_crystal_walls,
          uniq_sigmund
D:6:      layout_loops_ring, minmay_joined_circles
D:7:      layout_cave_pools, nemelex_spade_bored_becter,
          mainiacjoe_overflow_alcove_2, serial_shops, shop
D:8:      layout_loops_ring, nicolae_overflow_hidden_temple,
          kiku_gazebo_pond_becter, mainiacjoe_overflow_tiny_flanked,
          uniq_maggie, uniq_maurice
D:9:      layout_loops_ring, mainiacjoe_overflow_alcove_1,
          minmay_orc_entry_temple_small, serial_shops, shop
D:10:     layout_roguey, zin_purify, gammafunk_temple_overflow_statue
D:11:     layout_basic, lair_entry_dummy
D:12:     layout_basic, dk_vineyard_2, hangedman_stone_soup, disabler_island
D:13:     layout_basic, david_vaults_1
D:14:     layout_gridville, gammafunk_ghost_split,
          portal_ice_cave_entry_ice_statue_two, uniq_azrael
D:15:     hangedman_depths_entry_civil_slaughter, layout_loops_ring
Temple:   corrupted_temple
Lair:1:   layout_hall_layers, minmay_stone_trees_small, lemuel_fruit_tree,
          serial_bayou_shore_b, uniq_amaemon
Lair:2:   nzn_winding_woodlands_stair_cross
          [nzn_winding_woodlands_5x15_river_crossing,
          nzn_winding_woodlands_center_pierced_h,
          nzn_winding_woodlands_5x15_eye, nzn_winding_woodlands_hourglass,
          nzn_winding_woodlands_5x5_three,
          nzn_winding_woodlands_5x15_concentric,
          nzn_winding_woodlands_center_garden,
          nzn_winding_woodlands_5x15_longhouse], layout_chaotic_city,
          minmay_swamp_entry_swarm, hellmonk_ghost_happy_afterlife
Lair:3:   layout_regular_city, minmay_snake_entry_spellcaster,
          beast_lair_carwin_1, grunt_megastairs_5
Lair:4:   layout_gridlike
Lair:5:   minmay_lair_end_enchanted_forest, layout_regular_city,
          minmay_slime_entry_oklob_open
Swamp:1:  layout_falls_marsh, nicolae_swamp_bean_lake, swamp_pool1
Swamp:2:  layout_basic_swamp, evilmike_swamp_ruin_house_3, swamp_pool2,
          nicolae_swamp_small_spring, infiniplex_staircase_pool
Swamp:3:  layout_falls_marsh, gammafunk_ghost_cemetery,
          nicolae_swamp_tree_isthmus, swamp_pool5
Swamp:4:  nzn_swamp_witches_coven, layout_basic_swamp, uniq_mlioglotl
Snake:1:  layout_rooms, serial_shops, shop, dpeg_stationary_puzzle, uniq_aizul,
          uniq_jorgrun, uniq_louise
Snake:2:  layout_onion_interference, serial_shops, nicolae_shop_tiny_waterfront,
          special_room
Snake:3:  layout_cave_pods, basic_altar
Snake:4:  grunt_snake_rune_spirals, layout_onion_interference, uniq_vashnia
Orc:1:    layout_caves, uniq_erica, uniq_nergalle, uniq_josephine
Orc:2:    st_orc_congregation, layout_diamond_mine, basic_altar, serial_shops,
          shop, gauntlet_entry_generic, kennysheep_orc_sif_temple, uniq_urug
Elf:1:    elf_arrival_001, layout_geoelf_diagonals, hangedman_elf_represent,
          minmay_checkered_concentric_circles
Abyss:3:  base: Lair:5, hangedman_stitches_earthworm, hangedman_illusive_loot,
          patterned_corridor, evilmike_abyss_exit_8

Skill      XL: |  1  2  3  4  5  6  7  8  9 10 11 12 13 14 15 16 17 18 19 20 |
---------------+-------------------------------------------------------------+-----
Axes           | 5 6 7 8 9 11 13 15 16 18 20 23 24 25 26 27 | 27.0
Armour         | 1 2 3 4 5 6 8 9 10 11 12 13 14 | 14.9
Fighting       | 4 5 8 9 10 12 14 16 17 18 19 20 21 22 23 | 23.0
Dodging        | 3 5 6 7 8 9 10 | 10.6
Spellcasting   | 1 4 6 7 |  7.0
Translocations | 6 |  6.4

Action                     |  1- 3 |  4- 6 |  7- 9 | 10-12 | 13-15 | 16-18 | 19-21 || total
---------------------------+-------+-------+-------+-------+-------+-------+-------++-------
  Melee: Hand axe          |   104 |   206 |   397 |   718 |   509 |       |       ||  1934
         Executioner's axe |       |       |       |       |   788 |  1236 |   545 ||  2569
         Scimitar          |       |       |       |       |    32 |     5 |       ||    37
         Battleaxe         |       |       |       |       |       |       |     4 ||     4
  Throw: Dart              |       |       |       |       |       |     2 |       ||     2
  Evoke: Wand              |       |       |       |     2 |     5 |     3 |       ||    10
    Use: Potion            |       |     1 |       |     8 |     3 |    10 |     5 ||    27
         Scroll            |       |     6 |     1 |    21 |    15 |     9 |     6 ||    58
   Stab: Invisible         |       |       |       |       |       |     1 |       ||     1
 Armour: Robe              |    11 |       |       |       |       |       |       ||    11
         Ring mail         |    21 |    65 |    85 |       |       |       |       ||   171
         Skin              |       |     5 |       |       |       |       |       ||     5
         Swamp dragon scal |       |       |     1 |   145 |   466 |    13 |       ||   625
         Plate armour      |       |       |       |       |       |   665 |   228 ||   893
  Dodge: Dodged            |    68 |   131 |   357 |   529 |  1370 |   773 |   272 ||  3500
         Repelled          |       |       |       |     4 |    11 |    52 |    18 ||    85

Table legend: (Time is in decaauts)
 A = Elapsed time spent in this place.
 B = Non-inter-level travel time spent in this place.
 C = Inter-level travel time spent in this place.
 D = Time resting spent in this place.
 E = Time spent auto-exploring this place.
 F = Levels seen in this place.
 G = Mean time per level.
                   A        B        C        D        E       F      G
               +--------+--------+--------+--------+--------+-----+--------+
         Total |  30640 |  27108 |   3532 |   2994 |  16659 |  35 |  875.4 |
       Dungeon |  13065 |  11468 |   1597 |    954 |   7631 |  15 |  871.0 |
        Temple |     57 |     32 |     25 |      0 |     25 |   1 |   57.0 |
          Lair |   6746 |   5558 |   1188 |    452 |   3517 |   5 | 1349.2 |
         Swamp |   3278 |   3115 |    163 |    600 |   1685 |   4 |  819.5 |
     Snake Pit |   3778 |   3414 |    364 |    182 |   2384 |   4 |  944.5 |
  Orcish Mines |   1634 |   1444 |    190 |    299 |    676 |   2 |  817.0 |
   Elven Halls |    334 |    332 |      2 |      2 |    215 |   1 |  334.0 |
         Abyss |     80 |     80 |      0 |      0 |     15 |   1 |   80.0 |
      Ice Cave |   1137 |   1137 |      0 |    470 |    343 |   1 | 1137.0 |
      Gauntlet |    527 |    527 |      0 |     34 |    166 |   1 |  527.0 |
               +--------+--------+--------+--------+--------+-----+--------+

Top non-repeatable levels by time:
  Lair:2: 1819 daAuts
  Lair:5: 1453 daAuts
  Lair:3: 1452 daAuts
    D:11: 1405 daAuts
    D:12: 1166 daAuts
   IceCv: 1137 daAuts
  Lair:4: 1119 daAuts
 Snake:3: 1101 daAuts
     D:6: 1091 daAuts
 Swamp:4: 1070 daAuts
    D:13: 1045 daAuts
 Snake:2: 1040 daAuts
 Snake:4: 961 daAuts
     D:8: 947 daAuts
   Orc:2: 933 daAuts
